 Dungeon Crawl Stone Soup version 0.31-a0-95-g6fa058ef04 (webtiles) character file.

Game seed: 12480596337023480427

134481 Sobieck the Eclecticist (level 16, 0/88 HPs)
             Began as a Deep Elf Conjurer on May 25, 2023.
             Was a High Priest of Vehumet.
             Slain by a deep elf blademaster
             ... wielding a +0 rapier
              (15 damage)
             ... on level 3 of the Elven Halls.
             The game lasted 02:05:26 (38878 turns).

Sobieck the Eclecticist (Deep Elf Conjurer)        Turns: 38878, Time: 02:05:27

Health: 0/88       AC:  9    Str:  4    XL:     16   Next: 62%
Magic:  21/42      EV: 14    Int: 32    God:    Vehumet [*****.]
Gold:   217        SH:  0    Dex: 15    Spells: 5/55 levels left

rFire   + + +        A - staff of fire
rCold   . . .        (no shield)
rNeg    . . .        C - +1 robe {rC+ rF+}
rPois   .            u - +0 helmet
rElec   +            z - +2 cloak of Oblivion {Dex+2 Slay+2}
rCorr   .            w - +0 pair of gloves
SInv    .            d - +0 pair of boots
Will    +++..        N - amulet of magic regeneration
Stlth   ++++         h - ring of wizardry
HPRegen 0.34/turn    E - ring of the Howling Gods {Fire rElec Will++ Int+4}
MPRegen 0.68/turn

%: wizardry (x1)
@: no status effects
A: talons 1, dopey 2
a: Renounce Religion


You were on level 3 of the Elven Halls.
You worshipped Vehumet.
Vehumet was extremely pleased with you.
You visited 5 branches of the dungeon, and saw 26 of its levels.
You also visited: Gauntlet.

You collected 2769 gold pieces.
You spent 2552 gold pieces at shops.

Inventory:

Hand Weapons
 L - the +7 mace of the Establishment {holy, Str+3 Int+3}
   (You found it on level 5 of the Lair of Beasts)

   Str:       It affects your strength (+3).
   Int:       It affects your intelligence (+3).
Missiles
 F - 16 curare-tipped darts
 Z - 9 throwing nets
Armour
 d - a +0 pair of boots (worn)
 i - a +0 kite shield
 n - an orb of energy
 u - a +0 helmet (worn)
 w - a +0 pair of gloves (worn)
 z - the +2 cloak of Oblivion (worn) {Dex+2 Slay+2}
   (You bought it in a shop on level 1 of the Dungeon)

   Dex:       It affects your dexterity (+2).
   Slay:      It affects your accuracy & damage with ranged weapons and melee
   (+2).
 C - a +1 robe of resistance (worn)
 U - the +0 robe of Fipsirum {Int+3}
   (You found it in a Gauntlet)

   Int:       It affects your intelligence (+3).
 Y - a +0 buckler
Magical Staves
 A - a staff of fire (weapon)
Jewellery
 g - a ring of resist corrosion
 h - a ring of wizardry (left hand)
 k - a ring of wizardry
 m - a ring of willpower
 o - a ring of poison resistance
 p - a +6 ring of strength
 x - a ring of fire
 E - the ring of the Howling Gods (right hand) {Fire rElec Will++ Int+4}
   (You bought it in a shop on level 1 of the Orcish Mines)

   [ring of fire]

   It enhances your fire magic.
   Int:       It affects your intelligence (+4).
   rF:        It protects you from fire.
   rC:        It makes you vulnerable to cold.
   rElec:     It insulates you from electricity.
   Will:      It greatly increases your willpower.
 N - an amulet of magic regeneration (around neck)
 O - a ring of magical power
Wands
 a - a wand of acid (24)
 D - a wand of mindburst (9)
 G - a wand of polymorph (21)
 P - a wand of paralysis (3)
 V - a wand of flame (14)
Scrolls
 b - 3 scrolls of poison
 c - 5 scrolls of immolation
 j - a scroll of amnesia
 y - 2 scrolls of vulnerability
 I - 3 scrolls of fog
 J - 6 scrolls of enchant weapon
 K - 3 scrolls of silence {!r}
 R - 5 scrolls of identify
 T - 12 scrolls of teleportation
 W - 2 scrolls of noise
 X - 3 scrolls of summoning
Potions
 e - a potion of ambrosia
 f - 5 potions of might
 l - 4 potions of heal wounds
 q - 11 potions of lignification
 r - 4 potions of brilliance
 s - a potion of resistance
 t - 3 potions of mutation
 v - 2 potions of magic
 B - 2 potions of cancellation
 H - 3 potions of haste
 M - 3 potions of enlightenment
 Q - 3 potions of curing
 S - 4 potions of attraction


   Skills:
 - Level 6.0 Fighting
 - Level 0.5 Armour
 - Level 5.0 Dodging
 - Level 10.0 Stealth
 + Level 20.2 Spellcasting
 - Level 10.0 Conjurations
 - Level 20.0 Hexes
 - Level 4.0 Translocations
 - Level 4.0 Transmutations
 - Level 15.0 Fire Magic
 - Level 5.0 Air Magic
 - Level 6.0 Poison Magic


You had 5 spell levels left.
You knew the following spells:

 Your Spells              Type           Power      Damage    Failure   Level
a - Magic Dart            Conj           100%       1d8       0%          1
b - Searing Ray           Conj           100%       2d8       1%          2
c - Fulminant Prism       Conj/Hex       42%        3d19      1%          4
d - Olgreb's Toxic Radia  Pois           63%        N/A       1%          4
e - Iskenderun's Mystic   Conj/Tloc      57%        2d12      1%          4
f - Blink                 Tloc           100%       N/A       1%          2
g - Starburst             Conj/Fire      60%        6d16      1%          6
A - Discord               Hex            51%        N/A       1%          8
B - Yara's Violent Unrav  Hex/Tmut       37%        3d15      1%          5
C - Plasma Beam           Fire/Air       55%        2x1d77    1%          6
D - Ignition              Fire           69%        3d18      1%          8

Your spell library contained the following spells:

 Spells                   Type           Power      Damage    Failure   Level
 Iskenderun's Battlesphe  Conj           77%        2d13      1%          5
 Foxfire                  Conj/Fire      100%       2x1d9     0%          1
 Slow                     Hex            100%       N/A       0%          1
 Dazzling Flash           Conj/Hex       100%       N/A       0%          3
 Inner Flame              Hex/Fire       100%       N/A       0%          3
 Tukima's Dance           Hex            100%       N/A       0%          3
 Apportation              Tloc           100%       N/A       1%          1
 Sting                    Tmut/Pois      100%       1d8       1%          1
 Summon Small Mammal      Summ           100%       N/A       1%          1
 Cigotuvi's Dreadful Rot  Necr/Pois/Air  68%        N/A       1%          2
 Ensorcelled Hibernation  Hex/Ice        100%       N/A       1%          2
 Lesser Beckoning         Tloc           100%       N/A       1%          2
 Momentum Strike          Conj/Tloc      100%       3d10      1%          2
 Passwall                 Tmut/Erth      24%        N/A       1%          2
 Poisonous Vapours        Pois/Air       100%       N/A       1%          2
 Call Canine Familiar     Summ           32%        N/A       1%          3
 Ozocubu's Armour         Ice            32%        N/A       1%          3
 Summon Guardian Golem    Hex/Summ       69%        N/A       1%          3
 Swiftness                Air            59%        N/A       1%          3
 Volatile Blastmotes      Fire/Tloc      100%       2d18      1%          3
 Flame Wave               Conj/Fire      100%       2d21      1%          4
 Passage of Golubria      Tloc           55%        N/A       1%          4
 Sticky Flame             Conj/Fire      100%       2d11      1%          4
 Fireball                 Conj/Fire      60%        3d23      1%          5
 Summon Mana Viper        Hex/Summ       69%        N/A       1%          5
 Lee's Rapid Deconstruct  Erth           16%        3d10*     3%          5
 Animate Dead             Necr           32%        N/A       4%          4
 Dispel Undead            Necr           32%        3d14      4%          4
 Alistair's Intoxication  Tmut/Pois      32%        N/A       4%          5
 Borgnjor's Vile Clutch   Necr/Erth      8%         N/A       32%         5
 Death Channel            Necr           16%        N/A       52%         6
 Ozocubu's Refrigeration  Ice            16%        4d11      61%         7
 Simulacrum               Ice/Necr       8%         N/A       86%         6
 Polar Vortex             Ice            16%        N/A       100%        9


Dungeon Overview and Level Annotations

Branches:
Dungeon (15/15)            Temple (1/1) D:4            Lair (5/5) D:8
  Swamp (0/4) Lair:2        Snake (0/4) Lair:3        Slime (0/5) Lair:4
    Orc (2/2) D:12            Elf (3/3) Orc:2        Vaults (0/5) D:14
 Depths (0/4) D:15        Gauntlet (visited)

Altars:
Ashenzari
Cheibriados
Dithmenos
Elyvilon
Fedhas
Gozag
Hepliaklqana
Kikubaaqudgha
Makhleb
Nemelex Xobeh
Okawaru
Qazlal
Ru
Sif Muna
Trog
Uskayaw
Vehumet
Wu Jian
Xom
Yredelemnul
Zin
The Shining One
Jiyva

Shops:
D:1 [   D:10 [   Orc:1 =   Orc:2 [:!?   Elf:1 :   Elf:3 *

Portals:
Pandemonium: Orc:2

Annotations:
D:5 2 transporters, Liamsmither's ghost, amateur HuCA
Elf:2 3 runed translucent doors


Innate Abilities, Weirdness & Mutations

You have sharp toenails.
You are very dopey. (Int -4)


Message History

The deep elf blademaster hits you with a +0 rapier!!
You hear a shout!
Casting: Plasma Beam (dangerous; 1% risk of failure)
Confirm with . or Enter, or press ? or * to list all spells.
You feel a strong surge of power!
The bolt of lightning misses the deep elf blademaster.
The bolt of lightning hits the earth elemental.
The earth elemental completely resists.
The bolt of lightning hits the earth elemental.
The earth elemental completely resists.
The bolt of lightning hits the earth elemental.
The earth elemental completely resists.
The fiery plasma misses the deep elf blademaster.
The fiery plasma hits the earth elemental.
The earth elemental completely resists.
The fiery plasma hits the earth elemental.
The earth elemental completely resists.
The fiery plasma hits the earth elemental.
The earth elemental completely resists.
You hear a shout!
The deep elf blademaster hits you with a +0 rapier!
The deep elf blademaster hits you but does no damage.
A deep elf demonologist comes into view.
It is wielding a +0 battleaxe of venom.
Okay, then.
Unknown command.
Casting: Plasma Beam (dangerous; 1% risk of failure)
Confirm with . or Enter, or press ? or * to list all spells.
You feel a strong surge of power!
The bolt of lightning misses the deep elf blademaster.
The bolt of lightning hits the earth elemental.
The earth elemental completely resists.
The bolt of lightning hits the earth elemental.
The earth elemental completely resists.
The bolt of lightning misses the deep elf elementalist.
The bolt of lightning misses the deep elf demonologist.
The fiery plasma misses the deep elf blademaster.
The fiery plasma hits the earth elemental.
The earth elemental completely resists.
The fiery plasma hits the earth elemental.
The earth elemental completely resists.
The fiery plasma hits the deep elf elementalist!!
The deep elf elementalist is heavily wounded.
The fiery plasma hits the deep elf demonologist.
The deep elf demonologist is heavily wounded.
The deep elf blademaster hits you with a +0 rapier!
* * * LOW HITPOINT WARNING * * *
The deep elf blademaster hits you with a +0 rapier.
* * * LOW HITPOINT WARNING * * *
The deep elf blademaster hits you with a +0 rapier!
You die... # ######## # #..@e..# # #.###EE# #### ### #.# ##..# ...# ####.###)# #.ee.[wee

.#.####...#...)#
######...
.........###...#
.######.#.#.##.#
#..# #.##.###.#
##.# #.##.# #)#


You could see a deep elf blademaster, a deep elf elementalist (fast, repels
missiles), a deep elf demonologist and 2 earth elementals.

Vanquished Creatures
  Rupert (Lair:5)
  A deep elf master archer (Elf:3)
  Asterion (Elf:3)
  A deep elf blademaster (Elf:3)
  A deep elf demonologist (Elf:1)
  3 deep elf annihilators
  A minotaur (Gauntlet)
  A dire elephant (Lair:5)
  A deep elf death mage (Elf:3)
  Josephine (Lair:3)
  A deep elf high priest (Elf:3)
  A fire dragon (D:15)
  A vault guard (D:14)
  Fannar (D:11)
  Harold (Orc:1)
  4 hydras
  A ghost crab (Gauntlet)
  Erica (D:11)
  2 boulder beetles
  A demonspawn (Orc:2)
  4 two-headed ogres
  15 dancing weapons
  2 tengu warriors
  6 centaur warriors
  4 death yaks (Lair:3)
  4 deep elf knights (Elf:1)
  Sonja (D:11)
  Nergalle (Orc:1)
  A skyshark (Lair:3)
  2 skeletal warriors
  A swamp dragon (Lair:5)
  2 bog bodies (Lair:2)
  8 deep elf archers
  Pikel (D:7)
  5 orc knights
  19 deep elf pyromancers
  15 deep elf zephyrmancers
  2 ugly things (D:14)
  3 cyclopes
  A manticore (D:15)
  An elephant (Lair:5)
  4 black mambas
  14 cane toads
  Maurice (D:8)
  2 torpor snails (Lair:4)
  A gargoyle (D:12)
  2 rime drakes (Lair:5)
  Psyche (D:12)
  2 unseen horrors (D:13)
  A kobold demonologist (D:11)
  2 tengu conjurers (D:15)
  3 komodo dragons (Lair:5)
  4 trolls
  3 meliai (D:15)
  5 polar bears
  A hornet (Gauntlet)
  8 blink frogs
  A raiju (Lair:5)
  A slime creature (D:15)
  5 air elementals
  A centaur simulacrum (D:15)
  3 yaks (D:9)
  4 water elementals
  7 basilisks
  8 wraiths
  2 fire elementals
  5 wyverns
  2 steam dragons (Lair:5)
  4 nagas (Lair:3)
  A warg (Lair:5)
  2 swamp worms (Gauntlet)
  An acid dragon (D:11)
  4 hell hounds (Lair:5)
  14 water moccasins
  21 orc warriors
  3 black bears
  4 ogres
  17 wolves
  2 centaurs (D:7)
  3 kobold brigands
  6 bullfrogs
  2 earth elementals
  3 gnoll sergeants
  4 scorpions
  A hornet simulacrum (D:14)
  14 killer bees
  6 howler monkeys
  An electric eel (Elf:3)
  7 hounds
  3 jellies
  12 orc priests
  A sleepcap (D:7)
  3 iguanas
  17 orc wizards
  Natasha (thrice) (D:2)
  18 gnolls
  10 adders
  3 shadow imps
  2 white imps (D:6)
  An ufetubus (D:7)
  A worm (D:2)
  3 dart slugs
  61 orcs
  12 ball pythons
  8 bats
  6 endoplasms
  2 giant cockroaches
  5 goblins
  5 hobgoblins
  5 jackals
  5 quokkas
  3 frilled lizards
  16 kobolds
  5 rats
  A spectral weapon (Elf:3)
548 creatures vanquished.

Vanquished Creatures (collateral kills)
  2 fire dragons
  3 vault guards (D:14)
  A demonspawn (Orc:2)
  A death yak (Lair:4)
  A tengu warrior (D:14)
  6 orc high priests (Orc:2)
  A deep elf knight (Elf:3)
  8 skeletal warriors
  6 deep elf archers
  2 orc knights (Orc:2)
  6 orc sorcerers
  3 deep elf zephyrmancers
  7 deep elf pyromancers
  6 ugly things (D:14)
  A cyclops (D:14)
  3 elephants (Lair:5)
  3 manticores (D:14)
  A rust devil (Orc:2)
  An orange demon (Orc:2)
  A rime drake (Lair:5)
  A freezing wraith (D:14)
  4 komodo dragons (Lair:5)
  4 polar bears (Lair:5)
  2 trolls
  2 hornets (Gauntlet)
  A raiju (Lair:5)
  3 slime creatures (D:15)
  4 yaks (Lair:4)
  A water elemental (Elf:2)
  A wyvern (Lair:5)
  A steam dragon (Lair:5)
  3 vampire mosquitoes (D:14)
  7 wargs
  A swamp worm (Gauntlet)
  An acid dragon (Lair:5)
  6 hell hounds (Lair:5)
  16 orc warriors
  8 black bears (Lair:5)
  8 wolves (Lair:5)
  10 orc priests
  5 iguanas (Lair:5)
  4 orc wizards
  3 gnolls (Orc:1)
  26 orcs
185 creatures vanquished.

Vanquished Creatures (others)
  A deep elf sorcerer (Elf:3)
  A deep elf demonologist (Elf:3)
  4 deep elf knights
  A sun demon (Orc:2)
  A skeletal warrior (D:12)
  4 deep elf zephyrmancers (Elf:1)
  4 deep elf archers
  4 deep elf pyromancers
  An orc sorcerer (Orc:2)
  2 elephants (Lair:5)
  A smoke demon (Orc:2)
  A tengu conjurer (D:13)
  A red devil (Orc:2)
  3 polar bears (Lair:5)
  A slime creature (D:15)
  A yak (Lair:4)
  3 hell hounds (Lair:5)
  2 black bears (Lair:5)
  5 orc warriors (Orc:2)
  2 ogres (Orc:2)
  3 wolves (Lair:5)
  3 orc priests (Orc:2)
  An orc wizard (Orc:2)
  4 orcs
  221 fulminant prisms
275 creatures vanquished.

Grand Total: 1008 creatures vanquished

Notes
Turn   | Place    | Note
-------+----------+-------------------------------------------
     0 | D:1      | Sobieck the Deep Elf Conjurer began the quest for the Orb.
     0 | D:1      | Reached XP level 1. HP: 10/10 MP: 6/6
    48 | D:1      | Found Ezxesiubb's Antique Armour Shoppe.
   384 | D:1      | Reached XP level 2. HP: 15/15 MP: 2/8
   711 | D:1      | Reached skill level 1 in Hexes
   874 | D:1      | Reached skill level 1 in Translocations
   993 | D:2      | Noticed Natasha
   999 | D:2      | Killed Natasha
  1000 | D:2      | Reached XP level 3. HP: 19/19 MP: 1/10
  1006 | D:1      | Learned a level 2 spell: Searing Ray
  1222 | D:2      | Reached XP level 4. HP: 24/24 MP: 6/12
  1292 | D:2      | Learned a level 4 spell: Fulminant Prism
  1312 | D:2      | Found a faded altar of an unknown god.
  1493 | D:2      | Noticed Natasha
  1498 | D:2      | Killed Natasha
  1599 | D:2      | Noticed Natasha
  1610 | D:2      | Killed Natasha
  1611 | D:2      | Reached XP level 5. HP: 25/28 MP: 7/14
  3061 | D:3      | Found a faded altar of an unknown god.
  3107 | D:3      | Found a broken altar of Ashenzari.
  3238 | D:3      | Learned a level 4 spell: Iskenderun's Mystic Blast
  3435 | D:4      | Reached XP level 6. HP: 32/32 MP: 9/16
  3484 | D:4      | Reached skill level 6 in Conjurations
  3484 | D:4      | Reached skill level 3 in Hexes
  3513 | D:4      | Reached skill level 6 in Spellcasting
  3699 | D:4      | Found a staircase to the Ecumenical Temple.
  3731 | Temple   | Entered the Ecumenical Temple
  3896 | Temple   | Became a worshipper of Vehumet
  4345 | D:5      | Entered Level 5 of the Dungeon
  4418 | D:5      | Noticed a water moccasin
  4425 | D:5      | Killed a water moccasin
  4426 | D:5      | Reached skill level 3 in Translocations
  4426 | D:5      | Reached XP level 7. HP: 21/36 MP: 9/18
  5012 | D:5      | Noticed Liamsmither's ghost (amateur HuCA)
  5018 | D:5      | Found a transporter.
  5023 | D:5      | Found a transporter.
  5120 | D:5      | Noticed a hornet
  5301 | D:5      | Identified a scroll of acquirement
  5301 | D:5      | Acquired the Unrestrained Analects
  5754 | D:6      | Reached * piety under Vehumet
  5754 | D:6      | Offered knowledge of Shock by Vehumet.
  6152 | D:6      | Reached XP level 8. HP: 34/41 MP: 6/21
  6863 | D:6      | Reached skill level 9 in Spellcasting
  7130 | D:7      | Reached skill level 6 in Hexes
  7143 | D:7      | Reached XP level 9. HP: 45/45 MP: 14/24
  7244 | D:7      | Reached skill level 9 in Conjurations
  7319 | D:7      | Noticed Pikel
  7328 | D:7      | Killed Pikel
  7875 | D:7      | Offered knowledge of Freeze by Vehumet.
  8094 | D:8      | Noticed Maurice
  8113 | D:8      | Killed Maurice
  8275 | D:8      | Reached ** piety under Vehumet
  8438 | D:8      | Reached skill level 9 in Hexes
  8450 | D:8      | Reached skill level 3 in Dodging
  8450 | D:8      | Reached skill level 3 in Stealth
  8453 | D:8      | Reached skill level 1 in Fighting
  8566 | D:8      | Reached skill level 1 in Fire Magic
  8566 | D:8      | Reached XP level 10. HP: 18/52 MP: 18/27
  8749 | D:8      | Found a staircase to the Lair.
  8949 | D:9      | Reached skill level 1 in Poison Magic
  9245 | D:9      | Reached skill level 3 in Poison Magic
  9370 | D:9      | Learned a level 4 spell: Olgreb's Toxic Radiance
  9388 | D:9      | Noticed a two-headed ogre
  9398 | D:9      | Killed a two-headed ogre
  9524 | D:9      | Reached skill level 6 in Poison Magic
  9636 | D:9      | Offered knowledge of Hailstorm by Vehumet.
  9984 | D:10     | Entered Level 10 of the Dungeon
 10402 | D:10     | Reached *** piety under Vehumet
 10403 | D:10     | Reached skill level 12 in Spellcasting
 10546 | D:10     | Found Samon's Antique Armour Emporium.
 10757 | D:1      | Bought a faintly humming cloak for 266 gold pieces
 10757 | D:1      | Identified the +2 cloak of Oblivion {Dex+2 Slay+2} (You
                  | bought it in a shop on level 1 of the Dungeon)
 11511 | D:11     | Noticed a two-headed ogre
 11520 | D:11     | Killed a two-headed ogre
 11671 | D:11     | Reached XP level 11. HP: 49/57 MP: 13/29
 11965 | D:11     | Noticed Erica
 11979 | D:11     | Killed Erica
 11980 | D:11     | Reached skill level 12 in Hexes
 12214 | D:11     | Offered knowledge of Mephitic Cloud by Vehumet.
 12391 | D:11     | Noticed Fannar
 12399 | D:11     | Killed Fannar
 12405 | D:11     | Noticed Sonja
 12410 | D:11     | Killed Sonja
 12517 | D:11     | Learned a level 5 spell: Yara's Violent Unravelling
 12810 | D:11     | Noticed a two-headed ogre
 12819 | D:11     | Killed a two-headed ogre
 12991 | D:12     | Learned a level 2 spell: Blink
 13213 | D:12     | Noticed a skeletal warrior
 13213 | D:12     | Noticed a four-headed hydra
 13305 | Lair:1   | Entered Level 1 of the Lair of Beasts
 13553 | Lair:1   | Reached skill level 15 in Hexes
 14395 | Lair:2   | Noticed a bog body
 14402 | Lair:2   | Killed a bog body
 14461 | Lair:2   | Noticed a bog body
 14470 | Lair:2   | Killed a bog body
 14512 | Lair:2   | Found a staircase to the Swamp.
 14517 | Lair:2   | Identified the +1 short sword of Quantum Leap {flame, Dex+4
                  | Stlth+}
 14950 | Lair:2   | Reached XP level 12. HP: 62/62 MP: 20/30
 14959 | Lair:2   | Learned a level 8 spell: Discord
 15327 | Lair:2   | Reached **** piety under Vehumet
 16236 | Lair:3   | Offered knowledge of Stone Arrow by Vehumet.
 16237 | Lair:3   | Reached skill level 18 in Hexes
 16380 | Lair:3   | Noticed Josephine
 16475 | Lair:3   | Killed Josephine
 17368 | Lair:3   | Found a staircase to the Snake Pit.
 17997 | Lair:4   | Noticed a death yak
 17997 | Lair:4   | Noticed a death yak
 17997 | Lair:4   | Noticed a death yak
 17998 | Lair:4   | Noticed a death yak
 18000 | Lair:4   | Noticed a death yak
 18194 | Lair:4   | Killed a death yak
 18205 | Lair:3   | Killed a death yak
 18541 | Lair:3   | Killed a death yak
 18594 | Lair:3   | Killed a death yak
 18598 | Lair:3   | Killed a death yak
 18844 | Lair:4   | Found a viscous altar of Jiyva.
 18845 | Lair:4   | Found a staircase to the Slime Pits.
 19082 | Lair:4   | Reached skill level 3 in Fighting
 19082 | Lair:4   | Reached XP level 13. HP: 44/68 MP: 22/31
 19593 | Lair:5   | Entered Level 5 of the Lair of Beasts
 19728 | Lair:5   | Noticed Rupert
 20105 | Lair:5   | Killed Rupert
 21168 | Lair:5   | Reached ***** piety under Vehumet
 21168 | Lair:5   | Offered knowledge of Starburst by Vehumet.
 21194 | Lair:5   | Learned a level 6 spell: Starburst
 21363 | Lair:5   | Noticed a fire dragon
 21371 | Lair:5   | Killed a fire dragon
 21448 | Lair:5   | Reached skill level 3 in Fire Magic
 21950 | Lair:5   | Reached skill level 6 in Fighting
 22140 | Lair:5   | Noticed a dire elephant
 22413 | Lair:5   | Killed a dire elephant
 22890 | Lair:5   | Identified the +7 mace of the Establishment {holy, Str+3
                  | Int+3}
 23248 | Lair:5   | Reached skill level 6 in Stealth
 23248 | Lair:5   | Reached skill level 15 in Spellcasting
 23699 | D:12     | Reached skill level 6 in Fire Magic
 23699 | D:12     | Reached XP level 14. HP: 80/80 MP: 21/35
 23699 | D:12     | Noticed Psyche
 24124 | D:12     | Found a staircase to the Orcish Mines.
 24511 | D:12     | Found an ornate altar of the Wu Jian Council.
 24611 | D:12     | Killed Psyche
 25151 | Orc:1    | Entered Level 1 of the Orcish Mines
 25435 | Orc:1    | Noticed Harold
 25444 | Orc:1    | Killed Harold
 25640 | Orc:2    | Entered Level 2 of the Orcish Mines
 26120 | Orc:1    | Offered knowledge of Conjure Ball Lightning by Vehumet.
 26665 | Orc:1    | Noticed Nergalle
 26667 | Orc:1    | Found Xoim's Jewellery Shop.
 26670 | Orc:1    | Killed Nergalle
 26683 | Orc:1    | Bought an amulet of magic regeneration for 360 gold pieces
 26683 | Orc:1    | Bought a ring of magical power for 240 gold pieces
 26683 | Orc:1    | Bought the ring of the Howling Gods {Fire rElec Will++
                  | Int+4} for 736 gold pieces
 26868 | Orc:2    | Found a radiant altar of Vehumet.
 27222 | Orc:2    | Found Fus Raes's Magic Scroll Boutique.
 27258 | Orc:2    | Found Qinakireaw's Distillery.
 27518 | Orc:2    | Found a staircase to the Elven Halls.
 27696 | Orc:2    | Reached skill level 9 in Fire Magic
 28059 | Orc:2    | Reached skill level 9 in Stealth
 28132 | Orc:2    | Found Kyoc Zot's Book Shoppe.
 28132 | Orc:2    | Found Ysasask's Antique Armour Emporium.
 28133 | Orc:2    | Found a one-way gate leading to the halls of Pandemonium.
 28171 | Orc:2    | Bought a scroll of teleportation for 42 gold pieces
 28171 | Orc:2    | Bought a scroll of blinking for 105 gold pieces
 28171 | Orc:2    | Bought a scroll of teleportation for 42 gold pieces
 28171 | Orc:2    | Bought a scroll of enchant armour for 105 gold pieces
 28303 | D:13     | Offered knowledge of Eringya's Noxious Bog by Vehumet.
 29318 | D:14     | Found a gate to the Vaults.
 29321 | D:14     | Reached XP level 15. HP: 78/84 MP: 29/37
 29585 | D:14     | Found a gate leading to a gauntlet.
 29622 | Gauntlet | Entered a Gauntlet
 29622 | Gauntlet | Found a transporter.
 29663 | Gauntlet | Found a transporter.
 29673 | Gauntlet | Found a transporter.
 29678 | Gauntlet | Found a transporter.
 29693 | Gauntlet | Found a transporter.
 29712 | Gauntlet | Found a transporter.
 29724 | Gauntlet | Found a transporter.
 29736 | Gauntlet | Found a transporter.
 29748 | Gauntlet | Found a transporter.
 29760 | Gauntlet | Found a transporter.
 29769 | Gauntlet | Found a transporter.
 29769 | Gauntlet | Found a transporter.
 29816 | Gauntlet | Found a transporter.
 29842 | Gauntlet | Found a transporter.
 29844 | Gauntlet | Found a transporter.
 29846 | Gauntlet | Found a transporter.
 29874 | Gauntlet | Found a transporter.
 29954 | Gauntlet | Found a transporter.
 30339 | Gauntlet | Identified the +1 cloak of the Valley of Death {rElec rF+
                  | Dex+2 Stlth-}
 30344 | Gauntlet | Identified the +0 robe of Fipsirum {Int+3}
 30458 | Gauntlet | Got the Almanac of Guile
 30514 | D:14     | Reached skill level 12 in Fire Magic
 30788 | D:14     | Identified the +5 whip "Enott" {freeze, rElec rPois Str+3}
 31073 | D:15     | Entered Level 15 of the Dungeon
 31291 | D:15     | Found a staircase to the Depths.
 31603 | D:15     | Found a white marble altar of Elyvilon.
 31928 | D:15     | Learned a level 8 spell: Ignition
 32333 | D:15     | Found a stormy altar of Qazlal.
 32336 | D:15     | Gained mutation: Your body sometimes deteriorates upon
                  | taking damage. [you]
 32659 | D:15     | Reached skill level 1 in Transmutations
 33084 | Elf:1    | Entered Level 1 of the Elven Halls
 33481 | Elf:1    | Reached skill level 3 in Transmutations
 33878 | Elf:1    | Reached skill level 18 in Spellcasting
 34107 | Orc:2    | Bought a book of Ice for 600 gold pieces
 34487 | Elf:1    | Paralysed by an air elemental for 1 turns
 35318 | Elf:1    | Reached XP level 16. HP: 62/88 MP: 36/40
 35399 | Elf:1    | Found Inwuhyol's Book Shoppe.
 35758 | Elf:2    | Offered knowledge of Iskenderun's Battlesphere by Vehumet.
 35762 | Elf:2    | Gained mutation: Armour fits poorly on your strangely
                  | shaped body. [you]
 36042 | Elf:2    | Learned a level 6 spell: Plasma Beam
 36199 | Orc:2    | Bought a scroll of amnesia for 56 gold pieces
 36461 | Elf:2    | Reached skill level 15 in Fire Magic
 36553 | Elf:2    | Paralysed by an air elemental for 1 turns
 36555 | Elf:2    | Reached skill level 1 in Air Magic
 37096 | Elf:2    | Reached skill level 3 in Air Magic
 37279 | Elf:2    | Found a runed translucent gate.
 37280 | Elf:2    | Found a runed translucent gate.
 37280 | Elf:2    | Found a runed translucent gate.
 37516 | Elf:3    | Entered Level 3 of the Elven Halls
 37516 | Elf:3    | Found Buasal's Assorted Antiques.
 38566 | Elf:3    | Noticed Asterion
 38570 | Elf:3    | Killed Asterion
 38571 | Elf:3    | Noticed a deep elf blademaster
 38578 | Elf:3    | Killed a deep elf blademaster
 38668 | Elf:3    | Gained mutation: You are weak. (Str -2) [you]
 38692 | Elf:2    | Lost mutation: Armour fits poorly on your strangely shaped
                  | body. [potion of mutation]
 38692 | Elf:2    | Lost mutation: You are weak. (Str -2) [potion of mutation]
 38692 | Elf:2    | Gained mutation: You are dopey. (Int -2) [potion of
                  | mutation]
 38692 | Elf:2    | Gained mutation: You are partially covered in iridescent
                  | scales. (AC +2) [potion of mutation]
 38693 | Elf:2    | Lost mutation: Your body sometimes deteriorates upon taking
                  | damage. [potion of mutation]
 38693 | Elf:2    | Lost mutation: You are partially covered in iridescent
                  | scales. (AC +2) [potion of mutation]
 38693 | Elf:2    | Gained mutation: You are very dopey. (Int -4) [potion of
                  | mutation]
 38693 | Elf:2    | Gained mutation: You have sharp toenails. [potion of
                  | mutation]
 38767 | Elf:3    | Noticed a deep elf master archer
 38779 | Elf:3    | Killed a deep elf master archer
 38870 | Elf:3    | Noticed a deep elf blademaster
 38878 | Elf:3    | Slain by a deep elf blademaster

Illustrated notes

Levels and vault maps discovered:
D:1:      giann_wishing_wells, layout_loops_ring, serial_shops, shop
D:2:      layout_basic, shapermc_ecumenical_altar_pompeii, uniq_natasha
D:3:      layout_basic, nicolae_overflow_ecumenical_swirl
D:4:      layout_gridville, minmay_temple_entry_glassed_door,
          minmay_three_crescents
D:5:      layout_gridville, gammafunk_ghost_hive
D:6:      layout_rooms
D:7:      layout_rooms, kennysheep_generic_room_13, uniq_pikel
D:8:      layout_rooms, grunt_lair_entry_orc_guard_hut, uniq_maurice
D:9:      layout_rooms
D:10:     layout_loops_cross, serial_shops, shop
D:11:     layout_small_grid, patterned_corridor, uniq_erica, uniq_fannar,
          uniq_sonja
D:12:     layout_irregular_city, orc_david_3, minmay_misc_feat_nine_boxes,
          nicolae_wu_jian_immortal_techniques, uniq_psyche
D:13:     layout_grid_maze
D:14:     layout_small_grid, lightli_vaults_fourway_checkpoint,
          chequers_serial_rivers_large_a, gauntlet_entry_generic
D:15:     grunt_enter_depths_hoard, layout_basic,
          nicolae_qazlal_general_emergency, elyvilon_altar_4
Temple:   minmay_crystal_snake_temple
Lair:1:   layout_regular_city, grunt_megastairs_2
Lair:2:   beast_lair_carwin_large_2, layout_cave_pods, skrybe_swamp_entry_bodies
Lair:3:   layout_small_grid, minmay_snake_entry_guardpost_small, uniq_josephine
Lair:4:   layout_hall_layers, slime_entry_1, kennysheep_basilisk_garden
Lair:5:   guppyfry_lair_end_dragon, layout_loops_ring,
          hangedman_lair_caniforms_friends, uniq_rupert
Orc:1:    layout_caves, serial_shops, nicolae_square_shop, basic_altar,
          uniq_nergalle, uniq_harold
Orc:2:    pf_orc_diabolical, layout_diamond_mine, basic_altar
Elf:1:    eino_elf_arrival_customs, layout_onion_city, hangedman_elf_represent,
          nicolae_take_the_stairs
Elf:2:    nicolae_elf_blades_crystal_corner, layout_geoelf_diagonals
Elf:3:    minmay_elf_hall_quartered_circle, layout_loops_ring,
          hellmonk_ghost_big_iron, serial_shops, shop, st_stairs_14,
          chequers_big_river, uniq_asterion

Skill      XL: |  1  2  3  4  5  6  7  8  9 10 11 12 13 14 15 16 |
---------------+-------------------------------------------------+-----
Hexes          | 1 2 3 4 6 9 11 16 20 | 20.0
Translocations | 1 2 3 4 |  4.0
Spellcasting   | 4 5 6 7 9 11 12 15 16 18 20 | 20.2
Conjurations   | 5 6 7 8 10 | 10.0
Dodging        | 3 5 |  5.0
Stealth        | 3 4 5 6 9 10 | 10.0
Fighting       | 1 3 6 |  6.0
Fire Magic     | 1 6 10 14 15 | 15.0
Poison Magic   | 6 |  6.0
Transmutations | 4 |  4.0
Air Magic      | 5 |  5.0
Armour         | |  0.5

Action                     |  1- 3 |  4- 6 |  7- 9 | 10-12 | 13-15 | 16-18 || total
---------------------------+-------+-------+-------+-------+-------+-------++-------
  Melee: Staff             |       |       |     6 |     2 |     3 |       ||    11
   Cast: Magic Dart        |    45 |   117 |    30 |    34 |    10 |       ||   236
         Searing Ray       |     3 |    11 |    11 |    17 |     2 |       ||    44
         Fulminant Prism   |       |     9 |    55 |   106 |    40 |    11 ||   221
         Iskenderun's Myst |       |       |    21 |    97 |   130 |    10 ||   258
         Olgreb's Toxic Ra |       |       |       |    47 |    10 |     1 ||    58
         Discord           |       |       |       |     6 |   105 |    32 ||   143
         Blink             |       |       |       |     2 |    10 |       ||    12
         Yara's Violent Un |       |       |       |     1 |    46 |    13 ||    60
         Starburst         |       |       |       |       |   135 |    20 ||   155
         Plasma Beam       |       |       |       |       |       |    33 ||    33
         Ignition          |       |       |       |       |       |    24 ||    24
  Evoke: Wand              |       |       |       |     4 |       |       ||     4
    Use: Scroll            |       |       |    10 |     8 |     8 |     2 ||    28
         Potion            |       |       |     1 |     3 |     2 |     4 ||    10
 Armour: Robe              |       |     1 |    19 |    46 |    41 |    10 ||   117
  Dodge: Dodged            |     4 |    14 |    42 |    86 |   104 |    23 ||   273

Table legend: (Time is in decaauts)
 A = Elapsed time spent in this place.
 B = Non-inter-level travel time spent in this place.
 C = Inter-level travel time spent in this place.
 D = Time resting spent in this place.
 E = Time spent auto-exploring this place.
 F = Levels seen in this place.
 G = Mean time per level.
                   A        B        C        D        E       F      G
               +--------+--------+--------+--------+--------+-----+--------+
         Total |  39012 |  35956 |   3056 |  11813 |  16061 |  27 | 1444.9 |
       Dungeon |  18919 |  17283 |   1636 |   4481 |   9795 |  15 | 1261.3 |
        Temple |    211 |    173 |     38 |      0 |    147 |   1 |  211.0 |
          Lair |  10264 |   9537 |    727 |   3610 |   3630 |   5 | 2052.8 |
  Orcish Mines |   3149 |   2873 |    276 |   1407 |    741 |   2 | 1574.5 |
   Elven Halls |   5605 |   5227 |    378 |   2095 |   1465 |   3 | 1868.3 |
      Gauntlet |    862 |    862 |      0 |    220 |    283 |   1 |  862.0 |
               +--------+--------+--------+--------+--------+-----+--------+

Top non-repeatable levels by time:
  Lair:5: 3397 daAuts
   Elf:1: 2749 daAuts
  Lair:2: 2191 daAuts
   Elf:2: 2141 daAuts
   Orc:2: 2054 daAuts
  Lair:3: 1906 daAuts
    D:15: 1878 daAuts
    D:12: 1744 daAuts
  Lair:4: 1685 daAuts
     D:5: 1638 daAuts
    D:11: 1496 daAuts
    D:10: 1297 daAuts
     D:8: 1278 daAuts
     D:6: 1234 daAuts
     D:3: 1216 daAuts
